 Dungeon Crawl Stone Soup version 0.29.0 (webtiles) character file.

Game seed: 14505264392055716595

993 yaymichael the Insei (level 8, 0/103 HPs)
             Began as a Naga Transmuter on Sept 2, 2022.
             Was a Follower of Uskayaw.
             Slain by a gnoll sergeant
             ... wielding a +2 spear of venom
              (2 damage)
             ... on level 5 of the Dungeon.
             The game lasted 00:22:09 (6730 turns).

yaymichael the Insei (Naga Transmuter)              Turns: 6730, Time: 00:22:10

Health: 0/103      AC: 24    Str: 13    XL:     8   Next: 19%
Magic:  9/12       EV:  1    Int: 14    God:    Uskayaw [*.....]
Gold:   168        SH:  0    Dex: 13    Spells: 5/13 levels left

rFire   . . .      SeeInvis +   i - +3 dagger (venom)
rCold   . . .      Faith    .   (no shield)
rNeg    . . .      Spirit   .   (body armour currently unavailable)
rPois   +          Reflect  .   (helmet currently unavailable)
rElec   .          Harm     .   (cloak currently unavailable)
rCorr   .          Rampage  .   (gloves currently unavailable)
Will    ++...      NoTele   +   (no barding)
Stlth   +.........              (no amulet)
HPRegen 0.27/turn               l - ring of willpower
MPRegen 0.13/turn               (no ring)

@: tree-form, attractive, hasted, very quick
A: stationary, stasis, torment immunity, boosted hp, AC +2, large, see
invisible, (deformed body), (poison resistance), (slowness 2), spit poison 1,
(naga tail 1)
a: Spit Poison, Renounce Religion, Stomp


You were on level 5 of the Dungeon.
You worshipped Uskayaw.
Uskayaw was noncommittal.
You were a tree.
You visited 1 branch of the dungeon, and saw 5 of its levels.

You collected 168 gold pieces.

Inventory:

Hand Weapons
 c - a +0 falchion
 g - a +0 whip
 h - a +0 dagger
 i - a +3 dagger of venom (weapon)
 j - a +0 short sword
 k - a +0 sling
 p - a +0 spear
 s - a +0 war axe
 v - a +0 flail of holy wrath
Missiles
 q - 4 curare-tipped darts
 y - 2 throwing nets
Armour
 a - a +0 robe
 d - a +0 cloak (melded)
 e - a +1 leather armour (melded)
Magical Staves
 r - a staff of poison
Jewellery
 l - a ring of willpower (left branch)
Scrolls
 f - a scroll of immolation
 m - 2 scrolls of blinking
 n - a scroll of poison {unknown}
 o - a scroll of amnesia
 w - 3 scrolls of identify
 x - 2 scrolls of enchant armour
Potions
 b - a potion of lignification


   Skills:
 * Level 3.0 Fighting
 * Level 3.5 Short Blades
 - Level 0.4 Maces & Flails
 + Level 2.7 Armour
 + Level 2.3 Dodging
 - Level 0.4 Stealth
 - Level 4.3 Unarmed Combat
 + Level 3.2 Spellcasting
 * Level 4.1 Transmutations
 * Level 3.1 Invocations


You had 5 spell levels left.
You knew the following spells:

 Your Spells              Type           Power      Damage    Failure   Level
a - Beastly Appendage     Tmut           26%        N/A       3%          1
b - Wereblood             Tmut           13%        N/A       6%          2
c - Poisonous Vapours     Pois/Air       4%         N/A       32%         2
d - Spider Form           Tmut/Pois      8%         N/A       26%         3

Your spell library contained the following spells:

 Spells                   Type           Power      Damage    Failure   Level
 Ignite Poison            Fire/Tmut/Pois 6%         N/A       34%         3
 Conjure Flame            Conj/Fire      2%         6-21      54%         3
 Ice Form                 Ice/Tmut       8%         N/A       65%         4
 Animate Dead             Necr           2%         N/A       91%         4
 Sticky Flame             Conj/Fire      2%         2d3       91%         4
 Infestation              Necr           1%         N/A       100%        8


Dungeon Overview and Level Annotations

Branches:
Dungeon (5/15)
 Temple: D:4-7

Altars:
Cheibriados
Kikubaaqudgha
Okawaru
Uskayaw
Xom
Yredelemnul
The Shining One

Annotations:
D:4 3 runed translucent doors, Refli's ghost, amateur DECj


Innate Abilities, Weirdness & Mutations

You are a tree.
Your roots penetrate the ground, keeping you stationary.
You cannot be teleported.
You are immune to unholy pain and torment.
Your maximum health is greatly increased.
Your equipment is partially melded.
((Your serpentine skin is tough. (AC +2)))
You have supernaturally acute eyesight. (SInv)
((Armour fits poorly on your strangely shaped body.))
((Your system is resistant to poisons. (rPois)))
((You cover ground very slowly.))
You can spit poison.
((You have a snake-like lower body.))


Message History

You can no longer stomp with the beat.
The gnoll sergeant hits you from afar with a +2 spear of venom.
You closely miss the iguana. Your headbutt misses the iguana.
You hit the iguana.
The iguana is poisoned.
The iguana is moderately wounded.
The iguana closely misses you.
The gnoll sergeant hits you from afar with a +2 spear of venom.
You can now stomp with the beat.
The gnoll shouts!
You hit the iguana but do no damage.
The iguana looks as sick as possible!
The iguana is moderately wounded.
The iguana completely misses you.
The gnoll sergeant hits you from afar with a +2 spear of venom!
* * * LOW HITPOINT WARNING * * *
The iguana bites you.
* * * LOW HITPOINT WARNING * * *
The gnoll sergeant hits you from afar with a +2 spear of venom.
* * * LOW HITPOINT WARNING * * *
Really quaff the potion of lignification?
Your horns disappear.
You turn into a tree.
Your +0 cloak melds into your body.
Your +1 leather armour melds into your body.
Your roots penetrate the ground.
The iguana completely misses you.
The gnoll sergeant hits you from afar with a +2 spear of venom.
* * * LOW HITPOINT WARNING * * *
Unknown command.
It was a potion of haste.
You feel yourself speed up.
The iguana bites you but does no damage.
The gnoll sergeant hits you but does no damage.
You hit the iguana.
The iguana looks as sick as possible!
The iguana is heavily wounded.
It was a potion of attraction.
You feel attractive to monsters.
The iguana bites you but does no damage.
The gnoll sergeant hits you but does no damage.
You completely miss the iguana.
The iguana is severely wounded.
The iguana bites you but does no damage.
The gnoll sergeant hits you from afar with a +2 spear of venom.
You die...

... ### ... ..#
... g... #.#
... #.# #.# #.#
.# ##.## #.# .#
##..g###♣# .#
#.###.....##l#
.#
#.........)g.#
.# ###....)####
.### ##...##
...# ##)##
...## #..#
....########.##
...........)..#


You could see a gnoll sergeant and an iguana (extremely poisoned).

Vanquished Creatures
  Grinder (D:4)
  Edmund (D:4)
  A sky beast (D:5)
  3 ogres
  A scorpion (D:5)
  A gnoll bouda (D:5)
  A hound zombie (D:4)
  5 gnolls (D:5)
  11 adders
  A white imp (D:5)
  A worm (D:3)
  2 dart slugs
  12 orcs
  4 endoplasms
  4 giant cockroaches
  5 goblins
  6 hobgoblins
  A jackal (D:3)
  7 quokkas
  6 ball pythons
  4 bats
  4 frilled lizards
  8 kobolds
  A quokka zombie (D:4)
  6 rats
97 creatures vanquished.

Notes
Turn   | Place    | Note
-------+----------+-------------------------------------------
     0 | D:1      | yaymichael the Naga Transmuter began the quest for the Orb.
     0 | D:1      | Reached XP level 1. HP: 18/18 MP: 3/3
   166 | D:1      | Found a faded altar of an unknown god.
   361 | D:1      | Prayed at the altar of an unknown god.
   361 | D:1      | Became a worshipper of Uskayaw the Reveller
   361 | D:1      | Reached * piety under Uskayaw
   726 | D:1      | Reached ** piety under Uskayaw
   810 | D:1      | Reached XP level 2. HP: 24/25 MP: 5/5
   813 | D:1      | Learned a level 2 spell: Wereblood
  1923 | D:1      | Reached XP level 3. HP: 23/31 MP: 4/6
  2758 | D:2      | Reached XP level 4. HP: 23/38 MP: 5/7
  3003 | D:2      | Got the Folio of Bloody Pestilence
  3170 | D:2      | Learned a level 2 spell: Poisonous Vapours
  3439 | D:3      | Reached skill level 1 in Armour
  3538 | D:3      | Reached skill level 1 in Invocations
  3746 | D:3      | Reached skill level 1 in Short Blades
  3812 | D:3      | Found an ancient bone altar of Kikubaaqudgha.
  4313 | D:4      | Noticed Edmund
  4320 | D:4      | Killed Edmund
  4321 | D:4      | Reached XP level 5. HP: 45/45 MP: 6/8
  4321 | D:4      | Reached XP level 6. HP: 52/52 MP: 6/9
  4647 | D:4      | Found a snail-covered altar of Cheibriados.
  4701 | D:4      | Found an iron altar of Okawaru.
  4702 | D:4      | Noticed Grinder
  4721 | D:4      | Reached *** piety under Uskayaw
  4722 | D:4      | Killed Grinder
  4914 | D:4      | Found a runed translucent gate.
  4914 | D:4      | Found a runed translucent gate.
  4914 | D:4      | Found a runed translucent gate.
  4914 | D:4      | Noticed Refli's ghost (amateur DECj)
  4915 | D:4      | Found a basalt altar of Yredelemnul.
  4925 | D:4      | Reached XP level 7. HP: 56/60 MP: 9/11
  4943 | D:4      | Learned a level 3 spell: Spider Form
  5072 | D:4      | Found a shimmering altar of Xom.
  5379 | D:5      | Entered Level 5 of the Dungeon
  6043 | D:4      | Found a glowing golden altar of the Shining One.
  6170 | D:5      | Reached XP level 8. HP: 42/68 MP: 12/12
  6726 | D:5      | HP: 2/103 [gnoll sergeant/+2 spear of venom (6)]
  6730 | D:5      | Slain by a gnoll sergeant

Illustrated notes

Levels and vault maps discovered:
D:1:      psy_arrival_radial02, layout_basic,
          hellmonk_ecumenical_altar_crossroads
D:2:      layout_rooms
D:3:      layout_basic, mainiacjoe_overflow_boulevard, hangedman_decor_growths,
          minmay_close_crescents
D:4:      layout_basic, kennysheep_okawaru_gauntlet, kennysheep_slug_shrine,
          nicolae_yredelemnul_ghost_church, mainiacjoe_overflow_alcove_4,
          tso_oasis_becter, minmay_misc_feat_room, kennysheep_generic_room_4,
          uniq_edmund, uniq_grinder
D:5:      layout_loops_ring, chequers_ossuary_entry_cave

Skill      XL: |  1  2  3  4  5  6  7  8 |
---------------+-------------------------+-----
Armour         | 1 2 |  2.7
Invocations    | 1 2 3 |  3.1
Short Blades   | 1 2 3 |  3.5
Transmutations | 3 4 |  4.1
Fighting       | 2 3 |  3.0
Unarmed Combat | 4 |  4.3
Dodging        | 2 |  2.3
Spellcasting   | 3 |  3.2
Maces & Flails | |  0.4
Stealth        | |  0.4

Action                   |  1- 3 |  4- 6 |  7- 9 || total
-------------------------+-------+-------+-------++-------
Melee: Unarmed           |    33 |       |       ||    33
       Headbutt          |     6 |    22 |    24 ||    52
       Whip              |    70 |       |       ||    70
       Punch             |     2 |     5 |     6 ||    13
       Dagger            |    45 |   113 |   113 ||   271
 Cast: Beastly Appendage |    19 |    20 |    14 ||    53
Invok: Stomp             |       |       |     4 ||     4
 Abil: Spit Poison       |       |     2 |     4 ||     6
  Use: Scroll            |     7 |     5 |     4 ||    16
       Potion            |       |     3 |     5 ||     8
 Stab: Paralysed         |       |     1 |       ||     1
Armor: Leather armour    |    27 |    31 |    47 ||   105
       Robe              |     1 |       |       ||     1
       Skin              |       |       |     5 ||     5
Dodge: Dodged            |    78 |    56 |    58 ||   192
